 Dungeon Crawl Stone Soup version 0.30.1-11-g7821555f0a (webtiles) character file.

Game seed: 16517985691055855578

749 Peloso the Slasher (level 7, 0/61 HPs)
             Began as a Minotaur Fighter on Dec 16, 2023.
             Slain by an iguana (6 damage)
             ... on level 5 of the Dungeon.
             The game lasted 00:07:57 (5031 turns).

Peloso the Slasher (Minotaur Fighter)               Turns: 5031, Time: 00:07:58

Health: 0/61       AC: 12    Str: 21    XL:     7   Next: 48%
Magic:  6/6        EV:  8    Int:  5    God:
Gold:   214        SH:  5    Dex: 17    Spells: 6/6 levels left

rFire   . . .        b - +0 scimitar
rCold   . . .        d - +0 buckler
rNeg    . . .        k - +0 chain mail
rPois   .            (helmet restricted)
rElec   .            s - +0 cloak
rCorr   .            c - +0 pair of gloves
SInv    .            (no boots)
Will    .....        (no amulet) Stlth
                     e - +6 ring of dexterity
HPRegen 0.30/turn    (no ring)
MPRegen 0.10/turn

%: no passive effects
@: no status effects
A: horns 2, retaliatory headbutt
a: no special abilities


You were on level 5 of the Dungeon.
You visited 1 branch of the dungeon, and saw 5 of its levels.

You collected 214 gold pieces.

Inventory:

Hand Weapons
 a - a +1 long sword
 b - a +0 scimitar (weapon)
Armour
 c - a +0 pair of gloves (worn)
 d - a +0 buckler (worn)
 k - a +0 chain mail (worn)
 s - a +0 cloak (worn)
Jewellery
 e - a +6 ring of dexterity (left hand)
Wands
 n - a wand of flame (9)
Scrolls
 i - 2 scrolls of enchant weapon
 l - a scroll of amnesia
 m - a scroll of vulnerability {unknown}
 o - a scroll of teleportation {unknown}
 p - a scroll of torment {unknown}
 v - a scroll of brand weapon {unknown}
 w - a scroll of fear {unknown}
 x - a scroll of enchant armour {unknown}
Potions
 f - a potion of ambrosia
 g - 4 potions of curing
 h - a potion of flight
 j - 3 potions of might
 q - 3 potions of berserk rage {unknown}
 r - a potion of invisibility {unknown}
 t - 3 potions of magic {unknown}
 u - a potion of heal wounds {unknown}


   Skills:
 + Level 5.2 Fighting
 + Level 7.3 Long Blades
 + Level 6.2 Armour
 + Level 1.1 Dodging
 + Level 0.4 Stealth
 + Level 4.4 Shields


You had 6 spell levels left.
You didn't know any spells.
Your spell library contained the following spells:

 Spells                   Type           Power      Damage    Failure   Level
 Dazzling Flash           Conj/Hex       0%         N/A       100%        3
 Volatile Blastmotes      Fire/Tloc      0%         2d10      100%        3
 Iskenderun's Mystic Bla  Conj/Tloc      0%         2d3       100%        4
 Starburst                Conj/Fire      0%         6d3       100%        6


Dungeon Overview and Level Annotations

Branches:
Dungeon (5/15)
 Temple: D:4-7

Altars:
Ru

Shops:
D:3 (


Innate Abilities, Weirdness & Mutations

You have a pair of horns on your head.
You reflexively headbutt those who attack you in melee.


Message History

There is an escape hatch in the floor here.
There is a broken door here.
Could not explore, unopened runed door.
Could not explore, unopened runed door.
You open the large door.
There is a large open translucent door here. 2 iguanas come into view.
Found a sacrificial altar of Ru.
The iguana hisses angrily. x2
You barely miss the iguana. The iguana barely misses you. x2
You hit the iguana.
The iguana is moderately wounded.
The iguana barely misses you. The iguana bites you!
You block the iguana's attack. The iguana barely misses you.
You hit the iguana. You headbutt the iguana.
The iguana is heavily wounded.
You block the iguana's attack. The iguana bites you.
You hit the iguana but do no damage.
The iguana is heavily wounded.
The iguana bites you! The iguana bites you.
You completely miss the iguana.
The iguana is heavily wounded.
The iguana closely misses you. You furiously retaliate!
You headbutt the iguana! The iguana closely misses you.
You completely miss the iguana.
The iguana is heavily wounded.
The iguana bites you! The iguana bites you.
You hit the iguana.
The iguana is almost dead.
The iguana barely misses you. x2
You barely miss the iguana.
The iguana is almost dead.
The iguana barely misses you. The iguana bites you!
* * * LOW HITPOINT WARNING * * *
You barely miss the iguana.
The iguana is almost dead.
The iguana bites you!
* * * LOW HITPOINT WARNING * * *
The iguana bites you.
You die...

...#......................###.###
...#...........######.....##.....
...#..........##. #.....##.....
...#..........#.. #8+8.###.....
#..'..........#.######.#.# #.#...
..##..........#.....'..#.# #.#...
#.##..........#.....'..#^# #.#...
#.###########.#.######.#.###.#...
............#.#.@l..#8'8.##..####
..............##.l.⌠#....##..#
............#..######....#...#
...........................#.#
......#####..............###.#
#####..÷.........###....## #.#
#...#......###.......#######.####
#.#.#......# #...####............
#.#.#......# ##[## #............


You could see 2 iguanas.

Vanquished Creatures
  Sigmund (D:4)
  A water moccasin (D:5)
  A phantom (D:5)
  2 scorpions
  An iguana (D:4)
  2 jellies (D:5)
  A sleepcap (D:4)
  An orc wizard (D:4)
  Robin (D:3)
  3 adders
  2 worms
  2 dart slugs (D:4)
  8 orcs
  7 ball pythons
  11 endoplasms
  3 giant cockroaches
  16 goblins
  6 hobgoblins
  5 kobolds
  A quokka (D:3)
  3 bats
  3 frilled lizards
  7 rats
88 creatures vanquished.

Vanquished Creatures (others)
  An orc wizard (D:4)
1 creature vanquished.

Grand Total: 89 creatures vanquished

Notes
Turn   | Place    | Note
-------+----------+-------------------------------------------
     0 | D:1      | Peloso the Minotaur Fighter began the quest for the Orb.
     0 | D:1      | Reached XP level 1. HP: 19/19 MP: 0/0
    35 | D:1      | Found a faded altar of an unknown god.
   228 | D:1      | Reached XP level 2. HP: 23/27 MP: 1/1
  1130 | D:2      | You fall into a shaft and drop 2 floors!
  1155 | D:3      | Noticed Robin
  1170 | D:4      | Reached XP level 3. HP: 31/33 MP: 2/2
  1221 | D:3      | Reached skill level 3 in Long Blades
  1235 | D:3      | Killed Robin
  1329 | D:3      | Found Owaniv's Antique Weapon Shop.
  1537 | D:2      | Reached XP level 4. HP: 27/40 MP: 3/3
  2181 | D:2      | Identified the +9 dagger of Wutusho {heavy, +Blink rC+}
  2792 | D:4      | Reached skill level 4 in Long Blades
  2805 | D:4      | Reached skill level 5 in Armour
  2805 | D:4      | Reached XP level 5. HP: 23/46 MP: 4/4
  3373 | D:4      | Noticed Sigmund
  3383 | D:4      | Killed Sigmund
  3384 | D:4      | Reached skill level 6 in Long Blades
  3384 | D:4      | Reached skill level 1 in Dodging
  3384 | D:4      | Reached XP level 6. HP: 36/53 MP: 0/5
  4118 | D:5      | Entered Level 5 of the Dungeon
  4383 | D:5      | Found a large runed translucent door.
  4397 | D:5      | Reached XP level 7. HP: 57/60 MP: 6/6
  4425 | D:5      | Reached skill level 5 in Fighting
  4455 | D:5      | Reached skill level 7 in Long Blades
  4535 | D:5      | Found a large runed translucent door.
  5021 | D:5      | Found a sacrificial altar of Ru.
  5031 | D:5      | Slain by an iguana

Illustrated notes

Levels and vault maps discovered:
D:1:      lightli_arrival_noodles, layout_basic, basic_ecumenical_altar,
          grunt_decor_clamped
D:2:      layout_loops_corners, minmay_misc_feat_iff, minmay_misc_feat_pillars,
          nrook_mini_backslash
D:3:      layout_basic, serial_shops, shop, minmay_vboxes, uniq_robin
D:4:      layout_layer_cave, chequers_serial_rivers_micro_a, uniq_sigmund
D:5:      layout_basic, jmf_multi_god_temple2, minivault_27

Skill      XL: |  1  2  3  4  5  6  7 |
---------------+----------------------+-----
Armour         | 4 5 6 |  6.2
Fighting       | 4 5 |  5.2
Shields        | 4 |  4.4
Long Blades    | 3 4 6 7 |  7.3
Dodging        | 1 |  1.1
Stealth        | |  0.4

Action                     |  1- 3 |  4- 6 |  7- 9 || total
---------------------------+-------+-------+-------++-------
  Melee: Long sword        |    94 |   109 |       ||   203
         Headbutt          |    20 |    18 |     4 ||    42
         Scimitar          |       |       |    35 ||    35
    Use: Scroll            |     1 |     5 |       ||     6
 Armour: Scale mail        |    22 |       |       ||    22
         Chain mail        |    49 |    52 |    12 ||   113
  Dodge: Dodged            |    40 |    27 |    12 ||    79
  Block: Buckler           |    31 |    19 |     8 ||    58
